AoeStats
← Alex Armoa

Arena

504145824Analyzed
4v4 RM · 28d ago on Sep 4, 2026· 46m 11s· 8 players
Game mode
Random Map
Map size
Large (8 player)
Population
200
Speed
Normal
Resources
Standard
Victory
Conquest
Starting age
Dark Age
Ending age
Imperial Age
RankedLock teamsTeams togetherTeam positionsShared explorationLock speedFull tech treeHidden civsTurbo modeCheats
Victory
Defeat
🇲🇽 Franks · Mexico
1081
+12
🇲🇽 Italians · Mexico
1062
+13
🇺🇸 Teutons · United States
1025
+15
941
+19
🇨🇳 Turks · China
1022
-16
🇵🇾 Khitans · Paraguay
1020
-16
🇨🇳 Saracens · China
987
-14
🇨🇳 Portuguese · China
954
-13
StanTheMan
1:59 Loom
11:43 Feudal Age
16:40 Castle Age
15:48 Double-Bit Axe
15:44 Horse Collar
15:56 Stone Mining
15:59 Gold Mining
21:44 Bow Saw
23:01 Pikeman
23:47 Fletching
24:18 Loom
25:12 Wheelbarrow
27:43 Heavy Plow
31:02 Imperial Age
29:52 Scale Mail Armor
30:03 Forging
30:55 Chain Mail Armor
32:51 Siege Engineers
32:13 Halberdier
33:25 Plate Mail Armor
33:33 Iron Casting
33:29 Plate Mail Armor
33:31 Onager
35:24 Blast Furnace
34:46 Bodkin Arrow
36:10 Masonry
36:54 Conscription
37:20 Hand Cart
36:53 Town Watch
38:47 Siege Onager
41:05 Chemistry
40:28 Ballistics
44:27 Ironclad
Huesped Maldito
12:56 Feudal Age
13:24 Double-Bit Axe
18:00 Castle Age
16:34 Forging
16:25 Scale Mail Armor
18:39 Wheelbarrow
19:14 Squires
20:29 #83
22:41 Gold Mining
26:42 Iron Casting
26:57 Town Watch
28:12 Chain Mail Armor
29:30 Pikeman
34:21 Imperial Age
34:10 Scale Barding Armor
34:57 Gold Shaft Mining
34:12 Stone Mining
35:17 Hand Cart
34:28 Elite Throwing Axeman
36:42 Halberdier
38:18 Chivalry
38:39 Conscription
38:57 Chain Barding Armor
39:39 Blast Furnace
38:28 Loom
39:01 Bow Saw
39:51 Plate Mail Armor
40:54 Cavalier
41:36 Husbandry
40:58 Light Cavalry
42:11 Paladin
43:58 Plate Barding Armor
Thorin escudo de Roble
9:31 Feudal Age
15:19 Castle Age
14:00 Stone Mining
14:36 Double-Bit Axe
16:29 Wheelbarrow
18:16 Horse Collar
21:25 Gold Mining
23:12 Hand Cart
23:05 Heavy Plow
23:31 Scale Barding Armor
24:43 Forging
26:01 Iron Casting
25:48 Bow Saw
26:19 Bloodlines
26:10 Husbandry
27:23 Chain Barding Armor
32:14 Imperial Age
33:16 Conscription
34:06 Blast Furnace
33:41 Plate Barding Armor
33:38 Elite Monaspa
35:39 Ballistics
35:25 Siege Engineers
35:20 Heavy Scorpion
39:39 Chemistry
GaboAlv
10:36 Feudal Age
11:04 Double-Bit Axe
16:56 Castle Age
19:43 Wheelbarrow
20:09 Loom
23:35 Imperial Age
20:52 Horse Collar
21:36 Scale Mail Armor
22:57 Squires
25:34 Hand Cart
25:46 Town Watch
26:54 Conscription
27:20 Chain Mail Armor
27:56 Capped Ram
29:09 Heavy Plow
30:53 Arson
31:41 Plate Mail Armor
31:21 Forging
32:26 Crop Rotation
32:57 Fletching
34:12 Chemistry
33:13 Padded Archer Armor
34:33 Bodkin Arrow
34:54 Leather Archer Armor
36:44 Scale Barding Armor
37:14 Iron Casting
37:40 Light Cavalry
38:30 Bloodlines
38:20 Husbandry
38:23 Bracer
40:09 Ring Archer Armor
40:41 Blast Furnace
39:39 Gold Mining
39:41 Stone Mining
40:13 Thumb Ring
41:35 Stone Shaft Mining
42:15 Elite Genoese Crossbowman
44:09 Chain Barding Armor
45:21 Ballistics
45:15 Town Patrol
wuyu
11:23 Feudal Age
15:19 Castle Age
13:36 Double-Bit Axe
14:03 Horse Collar
16:18 Bow Saw
25:59 Wheelbarrow
26:59 Heavy Plow
28:08 Hand Cart
32:39 Imperial Age
30:25 Bimaristan
30:22 Scale Barding Armor
30:50 Forging
31:59 Chain Barding Armor
32:15 Iron Casting
31:44 Gold Mining
32:03 Husbandry
32:43 Bloodlines
33:22 Gold Shaft Mining
32:29 Light Cavalry
33:52 Conscription
34:27 Plate Barding Armor
34:31 Stone Mining
37:24 Chemistry
36:05 Treadmill Crane
37:04 Town Watch
39:09 Fletching
39:19 Padded Archer Armor
40:19 Bodkin Arrow
40:40 Leather Archer Armor
41:27 Crossbowman
42:23 Bracer
42:53 Ring Archer Armor
43:30 Two-Man Saw
42:24 Arbalester
43:10 Thumb Ring
43:38 Hussar
Alex Armoa
3:27 Loom
11:48 Feudal Age
15:17 Castle Age
13:40 Double-Bit Axe
13:50 Domestication
17:33 Bow Saw
17:25 Pastoralism
21:24 Wheelbarrow
23:05 Hand Cart
23:36 Gold Mining
24:39 Stone Mining
28:01 Imperial Age
26:20 Forging
26:15 Scale Barding Armor
28:12 Iron Casting
27:57 Chain Barding Armor
27:07 Light Cavalry
27:48 Husbandry
39:27 Plate Barding Armor
38:40 Hussar
41:06 Scale Mail Armor
41:47 Stone Shaft Mining
45:30 Guilds
44:56 Heavy Camel Rider
1277765061
10:10 Feudal Age
10:37 Double-Bit Axe
14:49 Castle Age
21:57 Imperial Age
30:12 Chemistry
31:03 Padded Archer Armor
30:53 Fletching
31:29 Bombard Tower
33:37 Leather Archer Armor
33:18 Bodkin Arrow
34:51 Bow Saw
35:15 Ring Archer Armor
34:46 Bracer
36:19 Arquebus
39:01 Masonry
38:49 Murder Holes
40:02 Arquebus
~斑驳~
10:20 Feudal Age
12:30 Loom
15:41 Castle Age
13:56 Horse Collar
14:06 Double-Bit Axe
29:43 Imperial Age
28:18 Wheelbarrow
27:29 Town Watch
27:41 Fletching
28:21 Bodkin Arrow
28:27 Padded Archer Armor
29:20 Fortified Wall
29:31 Ballistics
33:33 Bracer
37:12 Hand Cart
38:20 Hand Cart
39:53 Guilds
40:19 Gold Mining
40:25 Stone Mining
Connection lost

Rejoining the realm…

Still unreachable

The connection could not be restored.

Session expired

The server has moved on; the page needs a fresh start.